 Dungeon Crawl Stone Soup version 0.31.0-11-ge490571c62 (webtiles) character file.

Game seed: 10566735108435469112

11 qw the Shooter (level 2, 0/16 HPs)
             Began as a Deep Elf Hunter on Feb 4, 2024.
             Slain by a jackal (1 damage)
             ... on level 1 of the Dungeon.
             The game lasted 00:00:09 (135 turns).

qw the Shooter (Deep Elf Hunter)                     Turns: 135, Time: 00:00:09

Health: 0/16       AC:  3    Str:  8    XL:     2   Next: 17%
Magic:  4/4        EV: 12    Int: 13    God:
Gold:   24         SH:  0    Dex: 18    Spells: 1/1 levels left

rFire   . . .        a - +0 shortbow
rCold   . . .        (shield currently unavailable)
rNeg    . . .        c - +0 leather armour
rPois   .            (no helmet)
rElec   .            (no cloak)
rCorr   .            (no gloves)
SInv    .            (no boots)
Will    .....        (no amulet)
Stlth   ++           (no ring)
HPRegen 0.22/turn    (no ring)
MPRegen 0.09/turn

%: no passive effects
@: no status effects
A: no striking features
a: no special abilities


You were on level 1 of the Dungeon.
You visited 1 branch of the dungeon, and saw 1 of its levels.

You collected 24 gold pieces.


   Skills:
 - Level 1.5 Fighting
 + Level 6.0 Ranged Weapons
 - Level 2.4 Dodging
 - Level 1.2 Stealth


You had one spell level left.
You didn't know any spells.
Your spell library was empty.

Inventory:

Hand Weapons
 a - a +0 shortbow (weapon)
Armour
 c - a +0 leather armour (worn)
 d - a +0 ring mail
 g - a +0 cloak
Scrolls
 b - a scroll of butterflies
 e - 3 scrolls of teleportation {unknown}
 f - a scroll of fear {unknown}

Dungeon Overview and Level Annotations

Branches:
Dungeon (1/15)

Altars:


Message History

The jackal is heavily wounded.
The jackal bites you but does no damage.
A kobold comes into view. It is wielding a staff of conjuration.
You shoot an arrow.
The arrow hits the jackal but does no damage.
The jackal is heavily wounded.
The jackal closely misses you.
The jackal bites you but does no damage.
You shoot an arrow. The arrow hits the jackal.
You kill the jackal!
The jackal closely misses you. The jackal bites you.
The jackal bites you but does no damage.
You shoot an arrow. The arrow hits the jackal.
The jackal is lightly wounded.
The jackal bites you. x2
You shoot an arrow. The arrow hits the jackal.
The jackal is severely wounded.
The jackal barely misses you. The jackal misses you.
The jackal barely misses you. x2
You shoot an arrow. The arrow hits the jackal.
You kill the jackal!
The jackal barely misses you.
You shoot an arrow. The arrow misses the kobold.
The jackal bites you. The jackal misses you.
The kobold hits you with a staff of conjuration.
You shoot an arrow.
The arrow hits the kobold but does no damage.
The jackal barely misses you.
The kobold hits you with a staff of conjuration.
The jackal closely misses you.
You shoot an arrow. The arrow barely misses the kobold.
The jackal bites you. The kobold closely misses you.
You shoot an arrow. The arrow barely misses the kobold.
The jackal bites you. The kobold closely misses you.
The jackal barely misses you.
You shoot an arrow. The arrow barely misses the kobold.
The kobold barely misses you. The jackal bites you.
You shoot an arrow. The arrow misses the kobold.
The jackal bites you. The kobold closely misses you. The jackal bites you.
You die...

##.###........#
........#######
#.............#
#.#.#.........#
#.#.#...#.#.###
#.#.#####.# ..
#######.#.......#####
##.................#
#?.....@.#########.#
#......hK# .#
#........). #
#........#...
#........#.8.}.
##.#####.# .... #.
#.. }._. . #.. ...


You could see a jackal and a kobold.

Vanquished Creatures
  An endoplasm (D:1)
  4 goblins (D:1)
  A hobgoblin (D:1)
  2 jackals (D:1)
  2 rats (D:1)
10 creatures vanquished.

Notes
Turn   | Place    | Note
-------+----------+-------------------------------------------
     0 | D:1      | qw the Deep Elf Hunter began the quest for the Orb.
     0 | D:1      | Reached XP level 1. HP: 12/12 MP: 3/3
     0 | D:1      | 0 ||| qw: Version: 0.3-a-160-g6735b56
     0 | D:1      | 0 ||| qw: Game counter: 5931
     0 | D:1      | 0 ||| qw: Melee chars always use a shield: true
     0 | D:1      | 0 ||| qw: God list: Okawaru
     0 | D:1      | 0 ||| qw: Allow faded altars: false
     0 | D:1      | 0 ||| qw: Do Orc after clearing Dungeon:15 true
     0 | D:1      | 0 ||| qw: Do second Lair branch before Depths: true
     0 | D:1      | 0 ||| qw: Lair rune preference: random
     0 | D:1      | 0 ||| qw: Goals: Normal
     0 | D:1      | 0 ||| PLANNING D:1-11
    86 | D:1      | Reached XP level 2. HP: 16/16 MP: 4/4
   119 | D:1      | Found a faded altar of an unknown god.
   122 | D:1      | Reached skill level 6 in Ranged Weapons
   133 | D:1      | HP: 3/16 [jackal (3)]
   135 | D:1      | HP: 1/16 [jackal (2)]
   135 | D:1      | Slain by a jackal

Levels and vault maps discovered:
D:1:      saegor_arrival_miasma, layout_basic,
          hellmonk_ecumenical_altar_dog_temple

Skill      XL: |  1  2 |
---------------+-------+-----
Ranged Weapons | 6 |  6.0
Fighting       | |  1.5
Dodging        | |  2.4
Stealth        | |  1.2

Action                     || total
---------------------------++-------
   Fire: Shortbow          ||    34
 Armour: Leather armour    ||    14
  Dodge: Dodged            ||    15

Table legend:
 A = Non-vault XP
 B = Vault XP
 C = Vault XP percentage of total XP
 D = Non-vault monster count
 E = Vault monster count
 F = Vault count percentage of total count
                 A         B        C        D         E       F
            +---------+---------+-------+---------+---------+-------
      Total |      13 |       4 |  23.5 |       8 |       2 |  20.0
            +---------+---------+-------+---------+---------+-------
        D:1 |      13 |       4 |  23.5 |       8 |       2 |  20.0
            +---------+---------+-------+---------+---------+-------
